 Dungeon Crawl Stone Soup version 0.21-a0-216-g6d3fd91 (webtiles) character file.

811 Leszczynek the Grappler (level 7, -5/99 HPs)
             Began as a Troll Skald on Aug 23, 2017.
             Was an Initiate of the Shining One.
             Shot with an arrow by a centaur (6 damage)
             ... on level 6 of the Dungeon.
             The game lasted 00:12:23 (1803 turns).

Leszczynek the Grappler (Troll Skald)               Turns: 1803, Time: 00:12:24

Health: -5/99      AC: 23    Str: 20    XL:     7   Next: 61%
Magic:  7/7        EV:  1    Int: 10    God:    the Shining One [......]
Gold:   173        SH:  0    Dex: 10    Spells: 3/8 levels left

rFire    . . .     SeeInvis .     - Unarmed
rCold    . . .     Gourm    +   (no shield)
rNeg     + + +     Faith    .   (armour currently unavailable)
rPois    +         Spirit   .   (helmet currently unavailable)
rElec    .         Reflect  .   (cloak currently unavailable)
rCorr    .         Harm     .   (gloves unavailable)
MR       +....     NoTele   +   (boots unavailable)
Stlth    +.........             (no amulet)
HPRegen  0.66/turn              j - ring of protection from magic
MPRegen  0.10/turn              (no ring)

@: tree-form, glowing
A: unfitting armour, fast metabolism 3, gourmand, regeneration 1
a: Renounce Religion


You were on level 6 of the Dungeon.
You worshipped the Shining One.
The Shining One was noncommittal.
You were very full.
You were a tree.
You visited 1 branch of the dungeon, and saw 7 of its levels.

You collected 173 gold pieces.

Inventory:

Hand Weapons
 h - a +0 blowgun
Missiles
 i - a javelin (quivered)
 k - 15 tomahawks
 s - 4 large rocks
Armour
 u - a cursed +0 robe (melded)
Jewellery
 b - an uncursed ring of ice
 j - a ring of protection from magic (left branch)
 y - an uncursed ring of fire
Scrolls
 a - a scroll of fog {unknown}
 e - 4 scrolls of recharging
 f - a scroll of identify {@r1}
 l - 2 scrolls of enchant armour {unknown}
 m - a scroll of random uselessness {unknown}
 n - a scroll of immolation {unknown}
 q - 3 scrolls of teleportation
 t - 2 scrolls of amnesia {unknown}
 z - a scroll of blinking {unknown}
Potions
 g - a potion of agility
 o - a potion of mutation {!q}
 r - 2 potions of flight
 v - 2 potions of brilliance
Comestibles
 c - a chunk of flesh
 d - 4 bread rations
 p - 8 fruits


   Skills:
 * Level 2.8 Fighting
 - Level 1.9 Dodging
 + Level 8.3 Unarmed Combat
 - Level 1.2 Spellcasting
 - Level 2.0 Charms


You had 3 spell levels left.
You knew the following spells:

 Your Spells              Type           Power        Failure   Level  Hunger
a - Infusion              Chrm           #...         16%         1    ##.....
b - Shroud of Golubria    Chrm/Tloc      #.........   34%         2    ###....
c - Song of Slaying       Chrm           #.......     22%         2    ###....


Dungeon Overview and Level Annotations

Branches:
Dungeon (7/15)
 Temple: D:4-7

Altars:
Ru
The Shining One

Annotations:
D:2 Sigmund


Innate Abilities, Weirdness & Mutations

You are too large for most types of armour.
((You have claws for hands.))
Your metabolism is lightning-fast.
You like to eat raw meat.
Your natural rate of healing is unusually fast.
((You are covered in fur. (AC +1)))
((You have very tough skin. (AC +2)))


Message History

You throw a javelin. The javelin barely misses the centaur.
The centaur shoots an arrow.
The arrow hits you.
* * * LOW HITPOINT WARNING * * *
The centaur shoots an arrow.
The arrow completely misses you.
Throwing (i - inventory. (,) - cycle):
i - 3 javelins (quivered)
Press: ? - help, Shift-Dir - straight line, f/p - centaur
Aim: a centaur, wielding a shortbow You throw a javelin.
The javelin hits the centaur!
The centaur is heavily wounded.
The centaur shoots an arrow.
The arrow hits you.
* * * LOW HITPOINT WARNING * * *
Throwing (i - inventory. (,) - cycle):
i - 2 javelins (quivered)
Press: ? - help, Shift-Dir - straight line, f/p - centaur
Aim: a centaur, wielding a shortbow (heavily wounded)
You throw a javelin. The javelin hits the centaur!
The centaur is almost dead.
The centaur shoots an arrow.
The arrow hits you!
* * * LOW HITPOINT WARNING * * *
The centaur shoots an arrow.
The arrow hits you.
You die...

#.##.......# ###
##..##......## #
###...###......##
#......###......##
#......####......##
##.......#
##......##
##(.......##
##...)..#
##..(c......#
##.....##
#..####♣....##
##.....# ##.##
###..(.## ##....#
##.## ###...#
##.... #.## ##..##
##... #c...§.#
##..## ##..
#......... ##..#
##. ..........
#..#######.
##.........
##..#...###
....F.....
##......##


You could see a centaur.

Vanquished Creatures
  Prince Ribbit (D:6)
  2 ogres
  A howler monkey (D:6)
  A crimson imp (D:5)
  A bullfrog skeleton (D:6)
  2 hounds
  An orc wizard (D:4)
  A centaur skeleton (D:5)
  Terence (D:3)
  2 worker ants
  2 iguanas
  A hound zombie (D:6)
  2 adders
  An ooze (D:4)
  A worm (D:2)
  3 dart slugs
  3 leopard geckos
  14 orcs
  3 giant cockroaches
  A goblin (D:3)
  5 hobgoblins
  A kobold (D:3)
  2 quokkas
  5 ball pythons
  3 bats
  7 frilled lizards
  A leopard gecko skeleton (D:4)
  2 rats (D:3)
70 creatures vanquished.

Notes
Turn   | Place    | Note
-------+----------+-------------------------------------------
     0 | D:1      | Leszczynek the Troll Skald began the quest for the Orb.
     0 | D:1      | Reached XP level 1. HP: 19/19 MP: 1/1
    57 | D:2      | Noticed Sigmund
    58 | D:2      | kay
   133 | D:1      | Reached XP level 2. HP: 27/27 MP: 2/2
   139 | D:1      | Learned a level 2 spell: Shroud of Golubria
   204 | D:1      | Reached skill level 3 in Unarmed Combat
   353 | D:3      | Reached XP level 3. HP: 23/33 MP: 3/3
   418 | D:3      | fuck these layouts, really
   527 | D:3      | MR+ ring
   770 | D:3      | whoever made this layout should be shot
   771 | D:3      | Noticed Terence
   779 | D:3      | Killed Terence
   779 | D:3      | Reached skill level 4 in Unarmed Combat
   779 | D:3      | Reached XP level 4. HP: 41/41 MP: 1/4
  1011 | D:4      | Reached skill level 5 in Unarmed Combat
  1036 | D:4      | Reached XP level 5. HP: 41/48 MP: 5/5
  1167 | D:4      | Found a glowing golden altar of the Shining One.
  1179 | D:4      | Became a worshipper of the Shining One
  1260 | D:4      | Found a glowing drain.
  1289 | D:4      | Noticed an ogre
  1296 | D:4      | Killed an ogre
  1296 | D:4      | Reached skill level 6 in Unarmed Combat
  1296 | D:4      | Reached XP level 6. HP: 55/55 MP: 3/6
  1343 | D:5      | Entered Level 5 of the Dungeon
  1379 | D:5      | Learned a level 2 spell: Song of Slaying
  1442 | D:6      | Reached skill level 7 in Unarmed Combat
  1464 | D:6      | Found a sacrificial altar of Ru.
  1588 | D:6      | Reached XP level 7. HP: 51/62 MP: 7/7
  1679 | D:6      | Reached skill level 8 in Unarmed Combat
  1774 | D:6      | Noticed Prince Ribbit
  1788 | D:6      | Killed Prince Ribbit
  1788 | D:6      | Reached skill level 2 in Fighting
  1797 | D:6      | HP: 6/66 [centaur/arrow (16)]
  1802 | D:6      | HP: 8/99 [centaur/arrow (5)]
  1803 | D:6      | HP: 1/99 [centaur/arrow (8)]
  1803 | D:6      | Shot with an arrow by a centaur

Vault maps used:
D:1:      lightli_molten_gateway, hex_medium
D:2:      cheibrodos_old_hovel, uniq_sigmund
D:3:      minmay_misc_feat_diagonals, uniq_terence
D:4:      lemuel_crystal_altar, cheibrodos_sewer_entry_drain
D:5:      minmay_temple_entry_junction_2, first_bread
D:6:      kennysheep_mini_moat, kennysheep_generic_room_13, uniq_prince_ribbit1,
          uniq_eustachio, uniq_duvessa
D:7:      grunt_livestock, lightli_minifort

Skill      XL: |  1  2  3  4  5  6  7 |
---------------+----------------------+-----
Unarmed Combat | 3 4 5 6 7 8 |  8.3
Fighting       | 2 |  2.8
Dodging        | |  1.9
Spellcasting   | |  1.2
Charms         | |  2.0

Action                   |  1- 3 |  4- 6 |  7- 9 || total
-------------------------+-------+-------+-------++-------
Melee: Unarmed           |    83 |   104 |    15 ||   202
       Punch             |       |     4 |     1 ||     5
Throw: Javelin           |     1 |       |     4 ||     5
 Cast: Shroud of Golubri |     1 |     4 |     1 ||     6
  Use: Scroll            |       |       |     6 ||     6
       Potion            |       |       |     2 ||     2
 Stab: Sleeping          |     1 |       |       ||     1
  Eat: Chunk             |    12 |     8 |     1 ||    21
Armor: Robe              |    25 |    27 |     4 ||    56
       Skin              |       |       |     4 ||     4
Dodge: Dodged            |    35 |    53 |     7 ||    95

Table legend:
 A = Spawn XP
 B = Non-spawn XP
 C = Spawn XP percentage of total XP
 D = Spawn monster count
 E = Non-spawn monster count
 F = Spawn count percentage of total count
 G = Total turns spent on level
                    A         B        C        D         E        F      G
               +---------+---------+-------+---------+---------+-------+---------
         Total |       1 |    1158 |   0.1 |       1 |      69 |   1.4 |  1803
               +---------+---------+-------+---------+---------+-------+---------
           D:1 |       0 |      19 |   0.0 |       0 |      10 |   0.0 |   212
           D:2 |       0 |      16 |   0.0 |       0 |       7 |   0.0 |   105
           D:3 |       0 |      84 |   0.0 |       0 |      17 |   0.0 |   532
           D:4 |       1 |     284 |   0.4 |       1 |      21 |   4.5 |   494
           D:5 |       0 |      95 |   0.0 |       0 |       4 |   0.0 |    70
           D:6 |       0 |     624 |   0.0 |       0 |       9 |   0.0 |   373
           D:7 |       0 |      36 |   0.0 |       0 |       1 |   0.0 |    17
               +---------+---------+-------+---------+---------+-------+---------
